[ AOE2 MATCH · #506333738 ]
UnrankedGeorgians vs Burmese
Player's team · WIN
Rival team · LOSS
[ REPLAY ANALYSIS · EXTRACTED FROM THE RECORDED GAME ]
Feudal
8:03
Castle
—
Imperial
—
| APM avg | 68.5 |
| APM peak | 119 |
| eAPM avg | 26.1 |
| Villagers / military | 28 / 6 |
Focus
⚔️ 49.1% · 🌾 50.9%
Scout Cavalry ×5 · Spearman ×1
Feudal
8:58
Castle
—
Imperial
—
| APM avg | 84.7 |
| APM peak | 127 |
| eAPM avg | 27.0 |
| Villagers / military | 31 / 8 |
Focus
⚔️ 36.7% · 🌾 63.3%
Archer ×3 · Militia ×3 · Spearman ×2
Match map
Initial resources + every placement click. Lines = walls · curves = elevation contours. ◆ gold · ⬟ stone · ● berries · ✦ relic · ◌ wall gap
Your base· Open — opponent sealed themselves in
CNZS_MING's base· ✓ Closed at 12:00 · 51t walls · no gate
Smoothed initial terrain · ◌ = detected wall gap · hover for details
Inputs per minute
— Dennis哥 - - CNZS_MING
Build order — Dennis哥
67 actions detected in the replay
| 0:00 | Create | Villager (Male) ×4 |
| 0:01 | Build | House |
| 0:02 | Build | House |
| 1:26 | Create | Villager (Male) |
| 1:57 | Create | Villager (Male) |
| 1:57 | Create | Villager (Male) |
| 2:13 | Create | Villager (Male) |
| 2:44 | Create | Villager (Male) |
| 2:44 | Create | Villager (Male) |
| 3:09 | Create | Villager (Male) |
| 3:10 | Create | Villager (Male) |
| 3:55 | Build | House |
| 4:01 | Create | Villager (Male) |
| 4:01 | Create | Villager (Male) |
| 4:01 | Create | Villager (Male) |
| 4:02 | Create | Villager (Male) |
| 4:16 | Build | Mill |
| 5:53 | Research | Feudal Age |
| 6:45 | Build | House |
| 6:58 | Create | Villager (Male) |
| 7:00 | Build | Barracks |
| 8:03 | Age | Feudal Age |
| 8:03 | Build | Stable |
| 8:05 | Build | Palisade Wall |
| 8:15 | Create | Villager (Male) |
| 8:19 | Research | Double-Bit Axe |
| 8:19 | Research | Double-Bit Axe |
| 8:34 | Build | House |
| 8:45 | Build | House |
| 8:48 | Build | Farm |
| 8:51 | Create | Scout Cavalry |
| 8:52 | Create | Spearman |
| 9:04 | Research | Loom |
| 9:05 | Create | Villager (Male) |
| 9:11 | Build | House |
| 9:13 | Build | Palisade Wall |
| 9:32 | Create | Scout Cavalry |
| 9:41 | Build | Palisade Wall |
| 9:42 | Build | Palisade Wall |
| 9:47 | Create | Villager (Male) |
| 9:48 | Build | Farm |
| 9:53 | Build | Palisade Wall |
| 10:11 | Create | Scout Cavalry |
| 10:15 | Create | Villager (Male) |
| 10:15 | Create | Villager (Male) |
| 10:45 | Create | Villager (Male) |
| 10:57 | Create | Villager (Male) |
| 11:05 | Build | Farm |
| 11:07 | Build | Farm |
| 11:09 | Build | House |
| 11:12 | Build | Farm |
| 11:20 | Build | House |
| 11:27 | Create | Scout Cavalry |
| 11:30 | Build | Farm |
| 11:33 | Build | Farm |
| 11:34 | Create | Villager (Male) |
| 11:35 | Build | Farm |
| 11:42 | Build | Palisade Wall |
| 11:59 | Create | Villager (Male) |
| 12:00 | Build | Farm |
| 12:06 | Create | Scout Cavalry |
| 12:09 | Build | Farm |
| 12:23 | Create | Villager (Male) |
| 12:41 | Build | Farm |
| 12:57 | Create | Villager (Male) |
| 13:11 | Build | Farm |
| 13:17 | Build | Farm |
Build order — CNZS_MING
74 actions detected in the replay
| 0:00 | Create | Villager (Male) |
| 0:00 | Create | Villager (Male) |
| 0:00 | Create | Villager (Male) |
| 0:01 | Build | House |
| 0:04 | Build | House |
| 0:14 | Create | Villager (Male) |
| 0:14 | Create | Villager (Male) |
| 1:25 | Create | Villager (Male) |
| 1:25 | Create | Villager (Male) |
| 1:51 | Build | Lumber Camp |
| 2:03 | Create | Villager (Male) |
| 2:16 | Create | Villager (Male) |
| 2:52 | Create | Villager (Male) |
| 3:08 | Create | Villager (Male) |
| 3:37 | Create | Villager (Male) |
| 3:41 | Create | Villager (Male) |
| 3:41 | Create | Villager (Male) |
| 4:05 | Build | House |
| 4:11 | Build | Palisade Wall |
| 4:14 | Build | Palisade Wall |
| 4:21 | Create | Villager (Male) |
| 4:26 | Create | Villager (Male) |
| 4:56 | Create | Villager (Male) |
| 4:56 | Create | Villager (Male) |
| 5:05 | Create | Villager (Male) |
| 5:06 | Create | Villager (Male) |
| 5:23 | Build | Barracks |
| 5:27 | Create | Villager (Male) |
| 5:58 | Build | House |
| 6:06 | Research | Loom |
| 6:06 | Research | Loom |
| 6:48 | Research | Feudal Age |
| 7:01 | Create | Militia |
| 7:09 | Build | Mining Camp |
| 7:24 | Create | Militia |
| 7:45 | Create | Militia |
| 7:48 | Build | House |
| 8:26 | Create | Villager (Male) |
| 8:40 | Build | Mill |
| 8:58 | Age | Feudal Age |
| 9:09 | Research | Man-at-Arms (upgrade) |
| 9:09 | Research | Man-at-Arms (upgrade) |
| 9:14 | Build | Palisade Wall |
| 9:15 | Build | Palisade Wall |
| 9:15 | Build | Palisade Wall |
| 9:17 | Build | House |
| 9:25 | Create | Villager (Male) |
| 9:36 | Create | Villager (Male) |
| 9:39 | Build | Archery Range |
| 10:01 | Build | Palisade Wall |
| 10:05 | Create | Villager (Male) |
| 10:13 | Build | Palisade Wall |
| 10:14 | Build | Palisade Wall |
| 10:47 | Create | Villager (Male) |
| 10:57 | Create | Villager (Male) |
| 11:02 | Create | Archer |
| 11:09 | Build | Palisade Wall |
| 11:11 | Create | Spearman |
| 11:12 | Create | Villager (Male) |
| 11:23 | Build | Palisade Wall |
| 11:26 | Build | Palisade Wall |
| 11:33 | Build | Palisade Wall |
| 11:37 | Create | Spearman |
| 11:38 | Create | Archer |
| 11:51 | Build | Farm |
| 11:52 | Build | Farm |
| 11:53 | Build | Farm |
| 12:31 | Create | Villager (Male) |
| 12:37 | Create | Archer |
| 12:40 | Build | Palisade Wall |
| 12:47 | Build | Palisade Wall |
| 12:48 | Build | Palisade Wall |
| 13:00 | Create | Villager (Male) |
| 13:09 | Create | Villager (Male) |
Match timeline
| 4:11 | CNZS_MING · wall_segment Palisade Wall x1 |
| 4:14 | CNZS_MING · wall_segment Palisade Wall x3 |
| 5:23 | CNZS_MING · first_building Barracks |
| 7:00 | Dennis哥 · first_building Barracks |
| 8:03 | Dennis哥 · age_up feudal |
| 8:03 | Dennis哥 · first_building Stable |
| 8:05 | Dennis哥 · wall_segment Palisade Wall x1 |
| 8:58 | CNZS_MING · age_up feudal |
| 9:13 | Dennis哥 · wall_segment Palisade Wall x7 |
| 9:14 | CNZS_MING · wall_segment Palisade Wall x1 |
| 9:15 | CNZS_MING · wall_segment Palisade Wall x1 |
| 9:15 | CNZS_MING · wall_segment Palisade Wall x1 |
| 9:39 | CNZS_MING · first_building Archery Range |
| 9:41 | Dennis哥 · wall_segment Palisade Wall x1 |
| 9:42 | Dennis哥 · wall_segment Palisade Wall x1 |
| 9:53 | Dennis哥 · wall_segment Palisade Wall x9 |
| 10:01 | CNZS_MING · wall_segment Palisade Wall x1 |
| 10:13 | CNZS_MING · wall_segment Palisade Wall x1 |
| 10:14 | CNZS_MING · wall_segment Palisade Wall x1 |
| 11:09 | CNZS_MING · wall_segment Palisade Wall x6 |
| 11:23 | CNZS_MING · wall_segment Palisade Wall x11 |
| 11:26 | CNZS_MING · wall_segment Palisade Wall x8 |
| 11:33 | CNZS_MING · wall_segment Palisade Wall x16 |
| 11:42 | Dennis哥 · wall_segment Palisade Wall x4 |
| 12:40 | CNZS_MING · wall_segment Palisade Wall x1 |
| 12:47 | CNZS_MING · wall_segment Palisade Wall x1 |
| 12:48 | CNZS_MING · wall_segment Palisade Wall x1 |
| 13:20 | CNZS_MING · resign |
[ AI ANALYSIS · 1 CREDIT ]
What really happened in this match?
Wolo.gg analyzes every decision: build order, eco, micro, common mistakes by bracket. Personalized analysis on WhatsApp or Discord in 30 seconds.
Civ guide
Georgians
Perfil
Dennis